Map: Nightshade LE

Players

antagomiR - Winner!

  • Race: Protoss Protoss
  • League: Gold
  • Spawn Location: 5:00

Horus

  • Race: Protoss Protoss
  • League: Silver
  • Spawn Location: 11:00

VOD

Have the link to the VOD?

Description

Time

  • Played on: April 5, 2020, 8:01 p.m.
  • Length: 9:45
Show
View Real Time Build Order
Export as new Build Order

antagomiR Protoss - Winner!

Build Orders:  

Get SALT Encoding   

  12  0:01  Probe  
  13  0:13  Probe  
  14  0:18  Pylon  
  14  0:27  Probe  
  15  0:39  Gateway  
  15  0:41  Probe  
  16  0:53  Probe  
  17  1:00  Assimilator  
  17  1:05  Probe  
  18  1:17  Probe  
  19  1:33  Assimilator  
  19  1:36  Cybernetics Core  
  19  1:38  Probe (Chrono Boost)  
  20  1:50  Probe (Chrono Boost)  
  21  1:54  Pylon  
  21  1:56  Probe (Chrono Boost)  
  22  2:04  Probe  
  23  2:08  Warp Gate (Chrono Boost)  
  23  2:16  Probe  
  23  2:21  Robotics Facility  
  24  2:23  Stalker (Chrono Boost)  
  26  2:36  Probe  
  27  2:48  Probe  
  28  2:54  Nexus  
  28  2:55  Pylon  
  28  3:00  Probe  
  29  3:08  Observer  
  29  3:12  Probe  
  31  3:19  Gateway  
  31  3:24  Probe  
  32  3:29  Gateway, Observer  
  33  3:34  Shield Battery  
  33  3:36  Probe  
  34  3:46  Sentry  
  37  3:48  Probe  
  37  4:02  Pylon  
  37  4:05  Probe, Immortal  
  37  4:06  Probe  
  43  4:20  Probe x2, Pylon  
  45  4:33  Twilight Council  
  45  4:42  Sentry  
  45  4:44  Sentry  
  49  4:50  Observer  
  49  4:53  Probe x2  
  49  4:58  Pylon  
  51  5:04  Forge  
  51  5:05  Probe x2, Immortal  
  57  5:16  Stalker x2  
  57  5:17  Probe x2  
  63  5:23  Shield Battery  
  63  5:28  Sentry  
  65  5:30  Pylon  
  57  6:00  Zealot x3  
  63  6:09  Probe x2  
  65  6:21  Probe x2  
  65  6:25  Nexus  
  67  6:27  Stalker x3  
  73  6:33  Probe  
  74  6:42  Immortal  
  78  6:53  Probe x2  
  80  6:59  Pylon  
  76  7:05  Probe  
  69  7:12  Pylon  
  63  7:21  Immortal  
  67  7:35  Sentry  
  67  7:36  Sentry, Zealot  
  71  7:44  Pylon  
  71  7:46  Pylon  
  61  8:00  Immortal  
  61  8:01  Stalker x3  
  68  8:26  Sentry x2  
  67  8:28  Zealot  
  67  8:52  Stalker x3  
  70  9:18  Pylon  
  64  9:39  Shield Battery  
  64  9:41  Pylon  
  64  9:45  Assimilator  
Show
View Real Time Build Order
Export as new Build Order

Horus Protoss 

Build Orders:  

Get SALT Encoding   

  12  0:01  Probe  
  13  0:13  Probe  
  14  0:21  Pylon  
  14  0:25  Probe  
  15  0:41  Gateway  
  15  0:48  Gateway  
  15  0:55  Probe (Chrono Boost)  
  16  0:57  Assimilator  
  16  1:09  Assimilator  
  16  1:10  Probe (Chrono Boost)  
  17  1:19  Probe  
  18  1:32  Cybernetics Core  
  18  1:52  Probe (Chrono Boost)  
  20  2:02  Probe (Chrono Boost)  
  20  2:07  Probe (Chrono Boost), Nexus  
  21  2:20  Stalker  
  23  2:28  Pylon  
  23  2:46  Stalker  
  25  3:05  Warp Gate  
  25  3:07  Stalker  
  27  3:16  Stalker  
  29  3:37  Stalker  
  30  3:59  Adept (Chrono Boost)  
  32  4:05  Zealot (Chrono Boost)  
  34  4:21  Adept (Chrono Boost)  
  36  4:24  Zealot (Chrono Boost)  
  38  4:41  Adept (Chrono Boost)  
  38  4:42  Zealot (Chrono Boost)  
  42  5:08  Zealot  
  42  5:09  Sentry  
  46  5:26  Gateway  
  46  5:27  Gateway  
  46  5:29  Gateway  
  46  5:30  Gateway  
  46  5:40  Sentry  
  26  6:14  Pylon  
  26  6:22  Stalker x3  
  26  6:23  Stalker  
  34  6:46  Stalker x2  
  34  6:47  Stalker x3  
  40  6:48  Stalker  
  28  7:16  Stalker x2  
  28  7:17  Stalker x2  
  28  7:18  Stalker x2  
  40  7:40  Stalker x2  
  40  8:05  Stalker x3  
  46  8:58  Stalker x4  
  20  9:39  Stalker x4  
Tags
 
Matchup
PvP
Replay Pack
20200422
Spawn Locations
Cross Positions
Add a new tag
Caveats
  • Supply blocks, unpowered buildings, or Contaminate may cause inaccurate times.
  • Supply counts are checked every 10 seconds.